 Dungeon Crawl Stone Soup version 0.20.1-1-g8b1a95d (webtiles) character file.

5266 Humpert the Martial Artist (level 10, -2/83 HPs)
             Began as a Yellow Draconian Transmuter on Oct 13, 2017.
             Was a Believer of Qazlal.
             Slain by a killer bee (7 damage)
             ... on level 8 of the Dungeon.
             The game lasted 00:30:53 (11168 turns).

Humpert the Martial Artist (DrTm)                  Turns: 11168, Time: 00:30:54

Health: -2/83      AC:  9    Str: 13    XL:     10   Next: 36%
Magic:  20/20      EV: 14    Int: 14    God:    Qazlal [**....]
Gold:   522        SH:  3    Dex: 14    Spells: 17/23 levels left

rFire    . . .     SeeInvis .     - Unarmed
rCold    . . .     Gourm    .   (no shield)
rNeg     + . .     Faith    .   (armour unavailable)
rPois    .         Spirit   .   (helmet restricted)
rElec    .         Reflect  .   A - +1 cloak
rCorr    +         Harm     .   (no gloves)
MR       +....                  (no boots)
Stlth    +.........             (no amulet)
Regen    0.3/turn               l - ring of protection from magic
MPRegen  0.2/turn               t - ring of positive energy

@: lethally poisoned (-2 -> -21), hasted, very quick
A: spit acid, acid resistance, unfitting armour, cold-blooded, AC +7
a: Breathe Acid, Upheaval, Renounce Religion


You were on level 8 of the Dungeon.
You worshipped Qazlal.
Qazlal was pleased with you.
You were not hungry.

You visited 2 branches of the dungeon, and saw 9 of its levels.

You collected 522 gold pieces.

Inventory:

Missiles
 a - 102 arrows
Armour
 A - a +1 cloak (worn)
Jewellery
 g - an uncursed ring of stealth
 l - a ring of protection from magic (left hand)
 o - an uncursed ring of resist corrosion
 p - a cursed ring of loudness
 t - a ring of positive energy (right hand)
Wands
 d - a wand of lightning (0/15)
 m - a wand of random effects (25/48)
 r - a wand of disintegration (11/24)
 z - a wand of polymorph (10/24)
Scrolls
 e - 3 scrolls of recharging
 h - 4 scrolls of teleportation
 i - 4 scrolls of remove curse
 u - 2 scrolls of enchant armour
 x - a scroll of fog
 C - a scroll of random uselessness {unknown}
 E - a scroll of immolation {unknown}
Potions
 j - a potion of haste
 n - 2 potions of brilliance {unknown}
 q - a potion of lignification {unknown}
 s - 2 potions of flight {unknown}
 v - a potion of mutation {unknown}
 w - a potion of agility {unknown}
 D - 2 potions of might {unknown}
Books
 b - a book of Changes

   Spells                             Type                      Level
   a - Beastly Appendage              Transmutation                1
   b - Sticks to Snakes               Transmutation                2
   c - Spider Form                    Transmutation/Poison         3
   d - Ice Form                       Ice/Transmutation            4
   e - Blade Hands                    Transmutation                5
 k - a book of Clouds

   Spells                             Type                      Level
   a - Poisonous Vapours              Poison/Air                   2
   b - Mephitic Cloud                 Conjuration/Poison/Air       3
   c - Conjure Flame                  Conjuration/Fire             3
   d - Freezing Cloud                 Conjuration/Ice/Air          6
   e - Ring of Flames                 Charms/Fire                  7
 y - a book of Enchantments

   Spells                             Type                      Level
   a - Cause Fear                     Hexes                        4
   b - Yara's Violent Unravelling     Hexes/Transmutation          5
   c - Silence                        Hexes/Air                    5
   d - Deflect Missiles               Charms/Air                   6
   e - Discord                        Hexes                        8
 B - a book of Party Tricks

   Spells                             Type                      Level
   a - Summon Butterflies             Summoning                    1
   b - Apportation                    Translocation                1
   c - Lesser Beckoning               Translocation                3
   d - Tukima's Dance                 Hexes                        3
   e - Alistair's Intoxication        Transmutation/Poison         5
   f - Invisibility                   Hexes                        6
Comestibles
 c - 10 bread rations
 f - 3 meat rations


   Skills:
 * Level 6.2 Fighting
 + Level 4.6 Dodging
 + Level 8.1 Unarmed Combat
 * Level 7.0 Spellcasting
 * Level 7.3 Transmutations
 - Level 0.2 Poison Magic
 * Level 4.6 Evocations


You had 17 spell levels left.
You knew the following spells:

 Your Spells              Type           Power        Failure   Level  Hunger
a - Beastly Appendage     Tmut           ####..       1%          1    None
b - Sticks to Snakes      Tmut           ####....     1%          2    #......
c - Spider Form           Tmut/Pois      ###.......   9%          3    ##.....


Dungeon Overview and Level Annotations

Branches:
Dungeon (8/15)             Temple (1/1) D:4
   Lair: D:8-11

Altars:
Ashenzari
Cheibriados
Elyvilon
Fedhas
Gozag
Hepliaklqana
Kikubaaqudgha
Makhleb
Nemelex Xobeh
Okawaru
Qazlal
Ru
Sif Muna
Trog
Uskayaw
Vehumet
Xom
Yredelemnul
Zin
The Shining One

Shops:
D:4 [


Innate Abilities, Weirdness & Mutations

You can spit globs of acid.
You are resistant to acid.
Your golden yellow scales are hard. (AC +7)
You cannot fit into any form of body armour.
You are cold-blooded and may be slowed by cold attacks.


Message History

* * * LOW HITPOINT WARNING * * *
You feel sick. The hound closely misses you.
You miss the hound.
Your tail-slap misses the hound.
The hound is severely wounded.
* * * LOW HITPOINT WARNING * * *
You feel sick.
You barely miss the hound.
The hound is severely wounded.
* * * LOW HITPOINT WARNING * * *
You feel sick. The hound misses you.
You hit the hound. You tail-slap the hound.
You kill the hound!
Qazlal accepts your kill.
Your horns disappear.
* * * LOW HITPOINT WARNING * * *
You feel sick.
You miss the killer bee.
* * * LOW HITPOINT WARNING * * *
You feel sick. The killer bee stings you!
You die...

##...###....####.######.#..#...#.
##...###....####.######.####.#.#.
.....'.'...........).............
##...###....####.######'####.##..
#...# ###### #.#)........# #...#
#.#.....†...# #...# #.#.........#
##...######## #.#.........#
#...........# #@#.........#
#...........# #y#.#########
#...........####'#.####
#...........#.........#
#############.........+
#.........# #.........#
#..>......+ #.........#


You could see a killer bee.

Vanquished Creatures
  2 two-headed ogres
  Pikel (D:6)
  The ghost of Gremour the Geomancer, a novice DEEE of Vehumet (D:8)
  A hippogriff (D:8)
  A wyvern (D:8)
  2 ice beasts
  A black bear (D:7)
  The ghost of Humpert the Shooter, an amateur CeAM (D:3)
  A centaur (D:6)
  3 ogres
  4 bullfrogs
  A gnoll sergeant (D:8)
  2 scorpions
  7 killer bees
  2 howler monkeys
  2 crimson imps
  Crazy Yiuf (D:6)
  3 jellies
  A bullfrog zombie (D:7)
  2 hounds
  2 centaur skeletons
  4 orc priests
  6 orc wizards
  5 iguanas
  6 worker ants
  2 killer bee zombies (D:7)
  A worker ant zombie (D:5)
  12 adders
  9 gnolls
  A shadow imp (D:6)
  An ooze (D:2)
  4 worms
  A leopard gecko (D:8)
  30 orcs
  7 giant cockroaches
  5 hobgoblins
  7 jackals
  4 quokkas
  2 ball pythons
  11 bats
  5 frilled lizards
  8 goblins
  7 kobolds
  2 quokka skeletons
  5 rats
186 creatures vanquished.

Vanquished Creatures (collateral kills)
  Sigmund (D:6)
  An ogre (D:5)
  Ijyb (D:4)
3 creatures vanquished.

Vanquished Creatures (others)
  A hound (D:6)
  An adder zombie (D:6)
  3 orcs (D:6)
5 creatures vanquished.

Grand Total: 194 creatures vanquished

Notes
Turn   | Place    | Note
-------+----------+-------------------------------------------
     0 | D:1      | Humpert the Draconian Transmuter began the quest for the Orb.
     0 | D:1      | Reached XP level 1. HP: 16/16 MP: 3/3
   243 | D:1      | Reached XP level 2. HP: 21/23 MP: 5/5
   896 | D:2      | Reached XP level 3. HP: 24/28 MP: 4/6
  1839 | D:3      | Reached skill level 4 in Unarmed Combat
  1839 | D:3      | Reached XP level 4. HP: 32/35 MP: 5/7
  1843 | D:3      | Learned a level 2 spell: Sticks to Snakes
  2141 | D:3      | Reached XP level 5. HP: 31/40 MP: 8/8
  2330 | D:3      | Noticed Humpert's ghost (amateur CeAM)
  2347 | D:3      | Killed Humpert's ghost
  2743 | D:3      | Found a sacrificial altar of Ru.
  2743 | D:3      | Found a white marble altar of Elyvilon.
  2841 | D:4      | Reached skill level 5 in Unarmed Combat
  2932 | D:4      | Reached XP level 6. HP: 39/49 MP: 1/10
  3013 | D:4      | Noticed Ijyb
  3032 | D:4      | Killed Ijyb
  3077 | D:4      | Found a staircase to the Ecumenical Temple.
  3088 | Temple   | Entered the Ecumenical Temple
  3127 | Temple   | Became a worshipper of Qazlal Stormbringer
  3456 | D:4      | Found Ivocres's Armour Shoppe.
  4173 | D:4      | Found a blossoming altar of Fedhas.
  4226 | D:5      | Entered Level 5 of the Dungeon
  4232 | D:5      | Your scales start taking on a golden yellow colour.
  4232 | D:5      | Reached XP level 7. HP: 5/56 MP: 6/12
  5372 | D:5      | Reached skill level 1 in Evocations
  5550 | D:5      | Reached * piety under Qazlal
  6444 | D:6      | Noticed Sigmund
  6458 | D:5      | Reached skill level 6 in Unarmed Combat
  6458 | D:5      | Reached XP level 8. HP: 40/63 MP: 14/14
  6870 | D:6      | Killed Sigmund
  6912 | D:6      | Reached skill level 5 in Transmutations
  7134 | D:6      | Noticed Pikel
  7152 | D:6      | Killed Pikel
  7152 | D:6      | Reached skill level 5 in Spellcasting
  7184 | D:6      | Reached XP level 9. HP: 35/72 MP: 12/17
  7829 | D:6      | Found a hide-covered altar of Uskayaw.
  7881 | D:6      | Learned a level 3 spell: Spider Form
  8048 | D:6      | Found a runed door.
  8217 | D:6      | Noticed a two-headed ogre
  8226 | D:6      | Killed a two-headed ogre
  8226 | D:6      | Reached skill level 5 in Fighting
  8396 | D:6      | Noticed Crazy Yiuf
  8405 | D:6      | Killed Crazy Yiuf
  8565 | D:6      | Reached skill level 7 in Unarmed Combat
  8766 | D:7      | Reached ** piety under Qazlal
 10188 | D:8      | Noticed a two-headed ogre
 10197 | D:8      | Killed a two-headed ogre
 10197 | D:8      | Reached XP level 10. HP: 83/83 MP: 18/20
 10246 | D:8      | Noticed Gremour's ghost (novice DEEE)
 10302 | D:8      | Killed Gremour's ghost
 10635 | D:8      | Reached skill level 8 in Unarmed Combat
 10652 | D:8      | Noticed a two-headed ogre
 11168 | D:8      | Slain by a killer bee

Skill      XL: |  1  2  3  4  5  6  7  8  9 10 |
---------------+-------------------------------+-----
Dodging        | 2 3 4 |  4.6
Unarmed Combat | 4 5 6 7 8 |  8.1
Fighting       | 2 3 4 5 6 |  6.2
Transmutations | 3 4 6 7 |  7.3
Spellcasting   | 3 4 5 6 7 |  7.0
Evocations     | 1 3 4 |  4.6
Poison Magic   | |  0.2

Action                   |  1- 3 |  4- 6 |  7- 9 | 10-12 || total
-------------------------+-------+-------+-------+-------++-------
Melee: Unarmed           |   119 |   208 |   380 |   128 ||   835
       Tailslap          |    11 |    25 |    51 |    16 ||   103
       Kick              |     1 |    22 |    55 |    16 ||    94
       Headbutt          |     3 |     3 |    35 |    10 ||    51
       Punch             |     2 |       |     7 |     6 ||    15
 Cast: Beastly Appendage |    12 |    17 |    42 |    11 ||    82
       Sticks to Snakes  |       |    11 |    19 |     1 ||    31
       Spider Form       |       |       |     1 |       ||     1
 Abil: Breathe Acid      |       |       |     1 |       ||     1
Evoke: Wand              |       |       |     7 |     9 ||    16
  Use: Scroll            |       |    12 |     5 |     1 ||    18
       Potion            |       |       |       |     5 ||     5
 Stab: Sleeping          |     1 |     1 |       |       ||     2
       Distracted        |       |     1 |     2 |       ||     3
  Eat: Chunk             |     3 |     5 |    11 |       ||    19
       Royal jelly       |       |     2 |     2 |       ||     4
       Meat ration       |       |       |     1 |       ||     1
       Bread ration      |       |       |       |     1 ||     1
Armor: Skin              |    34 |    49 |    96 |    40 ||   219
Dodge: Dodged            |    83 |   116 |   235 |    81 ||   515
Block: Other             |       |       |    17 |    16 ||    33
